 Dungeon Crawl Stone Soup version 0.32-a0-314-g526f7d4993 (webtiles) character file.

Game seed: 2540827465580201381

49316 gruber the Thaumaturge (level 14, -7/97 HPs)
             Began as a Gnoll Ice Elementalist on Feb 15, 2024.
             Was an Elder of Hepliaklqana.
             Mangled by a fire dragon (11 damage)
             ... on level 4 of the Lair of Beasts.
             The game lasted 00:31:16 (18508 turns).

gruber the Thaumaturge (Gnoll Ice Elementalist)    Turns: 18508, Time: 00:31:17

Health: -7/97      AC: 13    Str:  7    XL:     14   Next: 50%
Magic:  0/28       EV: 18    Int: 25    God:    Hepliaklqana [****..]
Gold:   1149       SH:  0    Dex: 20    Spells: 24/34 levels left

rFire   . . .        U - +9 orcbow "Ehuadgh" {freeze, rElec Dex+6}
rCold   . . .        (shield currently unavailable)
rNeg    . . .        T - +0 troll leather armour
rPois   .            q - +0 helmet
rElec   +            (no cloak)
rCorr   .            (no gloves)
SInv    .            I - +2 pair of boots {Stlth+}
Will    +....        F - amulet of guardian spirit
Stlth   ++++++       c - +6 ring of intelligence
HPRegen 1.16/turn    z - +4 ring of protection
MPRegen 0.21/turn

%: guardian spirit
@: mighty
A: reduced essence, fangs 1, strong nose, distributed training
a: Renounce Religion, Recall Ancestor, Ancestor Identity, Transference, Idealise


You were on level 4 of the Lair of Beasts.
You worshipped Hepliaklqana.
Hepliaklqana was greatly pleased with you.
You visited 3 branches of the dungeon, and saw 18 of its levels.

You collected 1359 gold pieces.
You spent 210 gold pieces at shops.

Inventory:

Hand Weapons
 C - the +3 dagger of Duty {flame, rCorr Dex+4}
   (You found it on level 5 of the Dungeon)

   Dex+4:     It affects your dexterity (+4).
   rCorr:     It protects you from acid and corrosion.
 U - the +9 orcbow "Ehuadgh" (weapon) {freeze, rElec Dex+6}
   (You found it on level 11 of the Dungeon)

   Dex+6:     It affects your dexterity (+6).
   rElec:     It insulates you from electricity.
Missiles
 h - 2 throwing nets
Armour
 q - a +0 helmet (worn)
 I - a +2 pair of boots of stealth (worn)
 T - a +0 troll leather armour (worn)
Jewellery
 c - a +6 ring of intelligence (left hand)
 e - a +5 ring of evasion
 z - a +4 ring of protection (right hand)
 D - a ring of wizardry
 F - an amulet of guardian spirit (around neck)
 Q - a ring of protection from fire
Wands
 y - a wand of mindburst (9)
 B - a wand of flame (26)
 E - a wand of iceblast (4)
 O - a wand of charming (12)
 S - a wand of digging (14)
Scrolls
 d - a scroll of acquirement {unknown}
 i - 2 scrolls of amnesia {unknown}
 l - 2 scrolls of fear {unknown}
 n - 2 scrolls of blinking {unknown}
 o - a scroll of enchant armour
 s - 7 scrolls of teleportation
 u - 2 scrolls of silence {unknown}
 G - 2 scrolls of enchant weapon {unknown}
 H - 3 scrolls of fog {unknown}
 M - a scroll of brand weapon
 N - 3 scrolls of revelation {unknown}
Potions
 a - 2 potions of cancellation {unknown}
 b - 4 potions of magic
 g - 2 potions of invisibility
 k - 2 potions of resistance
 m - 4 potions of lignification
 t - 5 potions of curing
 v - 4 potions of brilliance
 w - a potion of heal wounds {unknown}
 x - 2 potions of berserk rage
 A - a potion of might
 L - a potion of enlightenment {unknown}
 R - 2 potions of haste
Miscellaneous
 K - a lightning rod (4/4)
 P - a sack of spiders
 W - a phantom mirror
 Y - a tin of tremorstones (2/2)


   Skills:
 + Level 9.6 Fighting
 + Level 9.6 Short Blades
 + Level 9.6 Long Blades
 + Level 9.6 Axes
 + Level 9.6 Maces & Flails
 + Level 9.6 Polearms
 + Level 9.6 Staves
 + Level 9.6 Ranged Weapons
 + Level 9.6 Throwing
 + Level 9.6 Armour
 + Level 10.7 Dodging
 + Level 10.5 Stealth
 + Level 9.6 Shields
 + Level 9.6 Unarmed Combat
 + Level 10.8 Spellcasting
 + Level 8.0 Conjurations
 + Level 8.0 Hexes
 + Level 8.0 Summonings
 + Level 8.0 Necromancy
 + Level 8.0 Translocations
 + Level 8.0 Fire Magic
 + Level 10.7 Ice Magic
 + Level 8.0 Air Magic
 + Level 8.0 Earth Magic
 + Level 8.0 Alchemy
 + Level 10.5 Invocations
 + Level 9.6 Evocations
 + Level 8.8 Shapeshifting


You had 24 spell levels left.
You knew the following spells:

 Your Spells              Type           Power      Damage    Failure   Level
a - Freeze                Ice            100%       1d10      1%          1
b - Frozen Ramparts       Ice            100%       1d16      1%          3
c - Ozocubu's Armour      Ice            61%        N/A       1%          3
d - Summon Ice Beast      Ice/Summ       57%        N/A       1%          3

Your spell library contained the following spells:

 Spells                   Type           Power      Damage    Failure   Level
 Apportation              Tloc           100%       N/A       1%          1
 Necrotise                Necr           100%       1d9       1%          1
 Sandblast                Erth           100%       2d20      1%          1
 Shock                    Conj/Air       100%       1d9       1%          1
 Sting                    Conj/Alch      100%       1d9       1%          1
 Summon Small Mammal      Summ           100%       N/A       1%          1
 Lesser Beckoning         Tloc           100%       N/A       1%          2
 Mercury Vapours          Alch/Air       100%       N/A       1%          2
 Static Discharge         Conj/Air       100%       3-8/arc   1%          2
 Fugue of the Fallen      Necr           52%        N/A       1%          3
 Gell's Gravitas          Tloc           52%        N/A       1%          3
 Passwall                 Erth           52%        N/A       1%          3
 Stone Arrow              Conj/Erth      100%       3d13      1%          3
 Teleport Other           Tloc           52%        N/A       1%          3
 Vampiric Draining        Necr           52%        2d9       1%          3
 Volatile Blastmotes      Fire/Tloc      100%       2d18      1%          3
 Airstrike                Air            26%        2d(4-20)  2%          4
 Brom's Barrelling Bould  Conj/Erth      52%        2d7       2%          4
 Fulminant Prism          Conj/Alch      26%        3d14      2%          4
 Iskenderun's Mystic Bla  Conj/Tloc      52%        2d11      2%          4
 Manifold Assault         Tloc           52%        N/A       2%          4
 Martyr's Knell           Necr/Summ      52%        N/A       2%          4
 Olgreb's Toxic Radiance  Alch           52%        N/A       2%          4
 Summon Lightning Spire   Summ/Air       52%        N/A       2%          4
 Vhi's Electric Charge    Tloc/Air       100%       N/A       2%          4
 Arcjolt                  Conj/Air       26%        1d36      6%          5
 Curse of Agony           Necr           52%        N/A       6%          5
 Dispersal                Tloc           26%        N/A       34%         6
 Plasma Beam              Fire/Air       26%        2x1d38    34%         6
 Disjunction              Tloc           26%        N/A       100%        8


Dungeon Overview and Level Annotations

Branches:
Dungeon (13/15)            Temple (1/1) D:5            Lair (4/5) D:10
  Swamp (0/4) Lair:3        Snake (0/4) Lair:2          Orc (0/2) D:9
 Vaults (0/5) D:13
  Slime: Lair:4-5

Altars:
Ashenzari
Cheibriados
Dithmenos
Elyvilon
Fedhas
Gozag
Hepliaklqana
Kikubaaqudgha
Makhleb
Nemelex Xobeh
Okawaru
Qazlal
Ru
Sif Muna
Trog
Uskayaw
Vehumet
Wu Jian
Xom
Yredelemnul
Zin
The Shining One

Shops:
D:6 *(==   D:7 *

Annotations:
D:7 1 runed translucent door, Nebesus's ghost, novice AtFi
D:10 1 runed translucent door, SpellstutterSprite's ghost, journeyman DgHu
Lair:1 1 runed translucent door, Nebesus's ghost, journeyman NaAl
Lair:2 2 runed translucent doors, Torious's ghost, journeyman DECj
Lair:4 Citaecs's ghost, journeyman AtMo


Innate Abilities, Weirdness & Mutations

Your life essence is reduced to manifest your ancestor. (-10% HP)
You have very sharp teeth.
Your uncanny sense of smell can sniff out nearby items.
Your experience applies equally to all skills.


Message History

Confirm with . or Enter, or press ? or * to list all spells.
A film of ice covers your body! The fire dragon closely misses you.
The fire dragon claws you but does no damage.
The fire dragon completely misses you.
Unknown command.
Unknown command.
Unknown command.
You are too injured to fight recklessly!
Unknown command.
Fire: U) +9 orcbow "Ehuadgh" {freeze, rElec Dex+6}
Press: ? - help, Q - select action, (/) - cycle Shift-Dir - straight line, f/p - fire dragon
Aim: a fire dragon (heavily wounded, ally target, 78% to hit)
You shoot an arrow.
The arrow hits the fire dragon but does no damage.
The fire dragon is heavily wounded.
The fire dragon misses you.
The fire dragon claws you but does no damage.
The fire dragon tramples you but does no damage.
Oblocloo hits the fire dragon with a +0 flail.
The fire dragon breathes flames at you. The blast of flame hits you!!!
Your icy armour melts away.
* * * LOW HITPOINT WARNING * * *
Fire: U) +9 orcbow "Ehuadgh" {freeze, rElec Dex+6}
Press: ? - help, Q - select action, (/) - cycle Shift-Dir - straight line, f/p - fire dragon
Aim: a fire dragon (severely wounded, ally target, 78% to hit)
You shoot an arrow. The arrow hits the fire dragon!
The arrow freezes the fire dragon.
The fire dragon is severely wounded.
Oblocloo hits the fire dragon with a +0 flail.
The fire dragon bites you!
* * * LOW HITPOINT WARNING * * *
The fire dragon closely misses you. The fire dragon misses you.
Unknown command.
It was a potion of might.
You feel very mighty all of a sudden.
Oblocloo hits the fire dragon with a +0 flail.
The fire dragon bites you!
You die...
Hepliaklqana delivers you to your ancestors.

.## ##.##############
##### .#####.# ###....#
###.#### .##.## #######
# .##..# ####...≈§§≈#
.###.######
##......§§≈§# ##
#......#####........≈≈≈≈
######!......@DR...≈§≈§≈
#####.........≈≈§≈$
###......≈≈≈..$
##....≈§§...!
###..≈§§§... ##########


You could see the friendly Oblocloo the knight and a fire dragon (ally target).

Vanquished Creatures
  An orc warlord (D:13)
  An ironbound preserver (D:13)
  3 hydras
  4 two-headed ogres
  5 centaur warriors (D:13)
  3 catoblepae
  A death knight (D:11)
  7 boulder beetles
  A tengu warrior (D:13)
  An occultist (D:13)
  Amaemon (D:10)
  An orc sorcerer (D:13)
  An ugly thing (D:13)
  4 cyclopes
  A manticore (D:13)
  A meliai (D:11)
  Joseph (D:8)
  6 black mambas
  An orange demon (D:10)
  3 cane toads
  2 gargoyles
  3 unseen horrors
  2 rime drakes
  3 komodo dragons
  5 trolls
  A hornet (D:9)
  3 blink frogs (Lair:1)
  2 vampires
  A slime creature (D:13)
  A shadow (D:10)
  2 wraiths
  2 wyverns (Lair:3)
  A fire elemental (D:10)
  4 fire bats (D:10)
  2 steam dragons
  14 yaks
  4 basilisks
  2 wargs
  6 vampire mosquitoes
  2 nagas (Lair:2)
  A hell hound (D:10)
  10 water moccasins
  A water moccasin (shapeshifter) (D:13)
  4 orc warriors
  2 ogres
  9 wolves
  6 centaurs
  2 kobold brigands
  Blork the orc (D:6)
  14 bullfrogs
  A gnoll sergeant (D:13)
  4 scorpions
  11 wights
  15 killer bees
  2 howler monkeys (D:11)
  2 lava snakes (D:10)
  3 crimson imps (D:4)
  A gnoll bouda (D:7)
  4 orc priests
  4 bombardier beetles
  3 hounds
  2 jellies (D:5)
  A sleepcap (D:7)
  Natasha (thrice) (D:4)
  An iguana (D:5)
  8 orc wizards
  An iguana (shapeshifter) (D:11)
  8 adders
  16 gnolls
  A white imp (D:5)
  4 ufetubi
  4 dart slugs
  31 orcs
  4 endoplasms
  3 giant cockroaches
  4 goblins
  13 hobgoblins
  4 jackals (D:1)
  3 quokkas (D:2)
  9 ball pythons
  5 bats
  2 frilled lizards (D:1)
  17 kobolds
  5 rats
358 creatures vanquished.

Vanquished Creatures (collateral kills)
  A fire dragon (D:13)
  A catoblepas (Lair:3)
  2 boulder beetles
  A centaur warrior (D:13)
  A two-headed ogre (D:11)
  An ugly thing (D:11)
  2 cyclopes (D:11)
  3 manticores
  2 cane toads
  A komodo dragon (Lair:2)
  A blink frog (Lair:1)
  A wraith (D:8)
  A yak (shapeshifter) (D:13)
  A basilisk (Lair:2)
  2 yaks
  A vampire mosquito (D:12)
  An orc warrior (D:8)
  3 wolves (Lair:2)
  3 centaurs
  2 kobold brigands
  A bullfrog (Lair:1)
  5 wights
  A howler monkey (D:9)
  3 orcs
  5 kobolds
46 creatures vanquished.

Vanquished Creatures (others)
  An unseen horror (shapeshifter) (D:13)
  An orc warrior (D:13)
  10 ancestors
12 creatures vanquished.

Grand Total: 416 creatures vanquished

Notes
Turn   | Place    | Note
-------+----------+-------------------------------------------
     0 | D:1      | gruber the Gnoll Ice Elementalist began the quest for the
                  | Orb.
     0 | D:1      | Reached XP level 1. HP: 13/13 MP: 6/6
   173 | D:1      | Reached XP level 2. HP: 19/19 MP: 5/7
   230 | D:1      | Found a faded altar of an unknown god.
   261 | D:1      | Got Plato's Tome of the Salvo
   508 | D:1      | Reached skill level 5 in Spellcasting
   508 | D:1      | Reached XP level 3. HP: 25/25 MP: 4/9
   604 | D:1      | Reached skill level 1 in Invocations
   747 | D:1      | Learned a level 3 spell: Frozen Ramparts
   971 | D:1      | Reached skill level 1 in Fighting
   971 | D:1      | Reached skill level 1 in Short Blades
   971 | D:1      | Reached skill level 1 in Long Blades
   971 | D:1      | Reached skill level 1 in Axes
   971 | D:1      | Reached skill level 1 in Maces & Flails
   971 | D:1      | Reached skill level 1 in Polearms
   971 | D:1      | Reached skill level 1 in Staves
   971 | D:1      | Reached skill level 1 in Ranged Weapons
   971 | D:1      | Reached skill level 1 in Throwing
   971 | D:1      | Reached skill level 1 in Armour
   971 | D:1      | Reached skill level 1 in Shields
   971 | D:1      | Reached skill level 1 in Unarmed Combat
   971 | D:1      | Reached skill level 1 in Evocations
  1152 | D:2      | Reached skill level 1 in Shapeshifting
  1152 | D:2      | Reached XP level 4. HP: 29/32 MP: 6/11
  1271 | D:2      | Reached skill level 1 in Conjurations
  1271 | D:2      | Reached skill level 1 in Hexes
  1271 | D:2      | Reached skill level 1 in Summonings
  1271 | D:2      | Reached skill level 1 in Necromancy
  1271 | D:2      | Reached skill level 1 in Translocations
  1271 | D:2      | Reached skill level 1 in Fire Magic
  1271 | D:2      | Reached skill level 1 in Air Magic
  1271 | D:2      | Reached skill level 1 in Earth Magic
  1271 | D:2      | Reached skill level 1 in Alchemy
  1487 | D:2      | Reached XP level 5. HP: 22/37 MP: 7/12
  1906 | D:3      | Found a radiant altar of Vehumet.
  1982 | D:3      | Found a hide-covered altar of Uskayaw.
  2204 | D:3      | Noticed an ogre
  2209 | D:3      | Killed an ogre
  2210 | D:3      | Reached skill level 5 in Dodging
  2210 | D:3      | Reached XP level 6. HP: 44/44 MP: 8/14
  2941 | D:4      | You fall into a shaft and drop 2 floors!
  2951 | D:6      | Reached XP level 7. HP: 47/50 MP: 10/15
  3075 | D:6      | Found Dapseq's Antique Weapon Emporium.
  3085 | D:6      | Found Log Papt's Jewellery Shoppe.
  3087 | D:6      | Found Gewo's Jewellery Emporium.
  3093 | D:6      | Reached skill level 5 in Stealth
  3119 | D:6      | Noticed Blork the orc
  3133 | D:6      | Killed Blork the orc
  3250 | D:6      | Reached XP level 8. HP: 51/58 MP: 12/16
  3671 | D:6      | Found Ilamo's Neck Hole.
  3786 | D:6      | Found a sacrificial altar of Ru.
  3792 | D:5      | Entered Level 5 of the Dungeon
  4285 | D:4      | Noticed Natasha
  4291 | D:4      | Killed Natasha
  4332 | D:4      | Found a shimmering altar of Xom.
  4730 | D:4      | Noticed Natasha
  4734 | D:4      | Killed Natasha
  4910 | D:4      | Noticed Natasha
  4919 | D:4      | Killed Natasha
  4967 | D:5      | Identified the +3 dagger of Duty {flame, rCorr Dex+4}
  5023 | D:5      | Found an ancient bone altar of Kikubaaqudgha.
  5058 | D:5      | Learned a level 3 spell: Ozocubu's Armour
  5062 | D:5      | Learned a level 3 spell: Summon Ice Beast
  5230 | D:5      | Reached XP level 9. HP: 65/65 MP: 13/18
  5439 | D:5      | Found a staircase to the Ecumenical Temple.
  5977 | D:7      | Found Jaifieciax's Assorted Antiques.
  5990 | D:7      | Bought a pair of runed boots for 210 gold pieces
  6448 | D:7      | Reached skill level 5 in Invocations
  6607 | D:7      | Found a runed translucent door.
  6607 | D:7      | Found a shimmering altar of Xom.
  6607 | D:7      | Noticed Nebesus's ghost (novice AtFi)
  6607 | D:7      | Noticed a +6 short sword of chaos
  7041 | D:8      | Found a shimmering blue altar of Sif Muna.
  7170 | D:8      | Found an iron altar of Okawaru.
  7351 | D:8      | Noticed a two-headed ogre
  7362 | D:8      | Killed a two-headed ogre
  7363 | D:8      | Reached skill level 5 in Fighting
  7363 | D:8      | Reached skill level 5 in Short Blades
  7363 | D:8      | Reached skill level 5 in Long Blades
  7363 | D:8      | Reached skill level 5 in Axes
  7363 | D:8      | Reached skill level 5 in Maces & Flails
  7363 | D:8      | Reached skill level 5 in Polearms
  7363 | D:8      | Reached skill level 5 in Staves
  7363 | D:8      | Reached skill level 5 in Ranged Weapons
  7363 | D:8      | Reached skill level 5 in Throwing
  7363 | D:8      | Reached skill level 5 in Armour
  7363 | D:8      | Reached skill level 5 in Shields
  7363 | D:8      | Reached skill level 5 in Unarmed Combat
  7363 | D:8      | Reached skill level 5 in Evocations
  7363 | D:8      | Reached XP level 10. HP: 61/74 MP: 7/20
  7512 | D:8      | Noticed Joseph
  7522 | D:8      | Killed Joseph
  7699 | D:8      | Found an opulent altar of Gozag.
  7981 | D:9      | Found a staircase to the Orcish Mines.
  8412 | D:9      | Reached skill level 5 in Shapeshifting
  8567 | D:9      | Paralysed by a hornet for 1 turns
  8818 | Temple   | Entered the Ecumenical Temple
  8851 | Temple   | Became a worshipper of Hepliaklqana the Forgotten
  9047 | D:9      | Noticed a two-headed ogre
  9054 | D:9      | Killed a two-headed ogre
  9139 | D:9      | Noticed a two-headed ogre
  9147 | D:9      | Killed a two-headed ogre
  9148 | D:9      | Reached skill level 5 in Conjurations
  9148 | D:9      | Reached skill level 5 in Hexes
  9148 | D:9      | Reached skill level 5 in Summonings
  9148 | D:9      | Reached skill level 5 in Necromancy
  9148 | D:9      | Reached skill level 5 in Translocations
  9148 | D:9      | Reached skill level 5 in Fire Magic
  9148 | D:9      | Reached skill level 5 in Air Magic
  9148 | D:9      | Reached skill level 5 in Earth Magic
  9148 | D:9      | Reached skill level 5 in Alchemy
  9148 | D:9      | Reached XP level 11. HP: 55/81 MP: 3/23
  9224 | D:9      | Noticed a two-headed ogre
  9230 | D:9      | Killed a two-headed ogre
 10050 | D:9      | Found a blossoming altar of Fedhas.
 10067 | D:10     | Entered Level 10 of the Dungeon
 10074 | D:10     | Noticed Amaemon
 10121 | D:10     | Killed Amaemon
 10213 | D:10     | Found a staircase to the Lair.
 10585 | D:10     | Noticed SpellstutterSprite's ghost (journeyman DgHu)
 10663 | D:10     | Found a runed translucent door.
 10794 | D:10     | Found a stormy altar of Qazlal.
 10812 | D:10     | Noticed a cyclops
 10816 | D:10     | Killed a cyclops
 11581 | D:11     | Reached * piety under Hepliaklqana
 11599 | D:11     | Noticed a boulder beetle
 11606 | D:11     | Noticed a two-headed ogre
 11644 | D:11     | Noticed a boulder beetle
 11664 | D:11     | Killed a boulder beetle
 11763 | D:11     | Noticed a boulder beetle
 11775 | D:11     | Noticed a death knight
 11790 | D:11     | Killed a death knight
 11791 | D:11     | Reached XP level 12. HP: 58/81 MP: 3/24
 11907 | D:11     | Killed a boulder beetle
 12193 | D:11     | Killed a two-headed ogre
 12456 | D:11     | Identified the amulet "Osesa" {Faith Harm}
 12903 | D:11     | Killed a boulder beetle
 13003 | D:11     | Identified the +9 orcbow "Ehuadgh" {freeze, rElec Dex+6}
 13279 | D:12     | Noticed a boulder beetle
 13295 | D:12     | Killed a boulder beetle
 13317 | D:12     | Noticed a boulder beetle
 13329 | D:12     | Killed a boulder beetle
 13931 | D:13     | Noticed a centaur warrior
 13937 | D:13     | Killed a centaur warrior
 14020 | D:13     | Noticed a centaur warrior
 14021 | D:13     | Noticed a centaur warrior
 14021 | D:13     | Noticed a six-headed hydra
 14026 | D:13     | Noticed a boulder beetle
 14027 | D:13     | Noticed a tengu warrior
 14029 | D:13     | Noticed an occultist
 14030 | D:13     | Killed a centaur warrior
 14038 | D:13     | Killed a six-headed hydra
 14039 | D:13     | Reached XP level 13. HP: 68/88 MP: 10/26
 14044 | D:13     | Reached skill level 10 in Ice Magic
 14412 | D:13     | Reached skill level 10 in Spellcasting
 14583 | D:13     | Noticed an ironbound preserver
 14879 | D:13     | Noticed a fire dragon
 14888 | D:13     | Killed a fire dragon
 14889 | D:13     | Reached skill level 10 in Dodging
 15141 | D:13     | Reached ** piety under Hepliaklqana
 15142 | D:13     | Remembered your ancestor Oblocloo as a knight
 15153 | D:13     | Found a gate to the Vaults.
 15211 | D:13     | Killed an ironbound preserver
 15253 | D:13     | Noticed an orc warlord
 15276 | D:13     | Killed an orc warlord
 15294 | D:13     | Reached skill level 10 in Stealth
 15463 | D:13     | Found a radiant altar of Vehumet.
 15675 | Lair:1   | Entered Level 1 of the Lair of Beasts
 15722 | Lair:1   | Found a runed translucent door.
 15859 | Lair:1   | Reached XP level 14. HP: 97/97 MP: 28/28
 15916 | Lair:1   | Reached skill level 10 in Invocations
 16291 | Lair:1   | Reached *** piety under Hepliaklqana
 16447 | Lair:1   | Noticed Nebesus's ghost (journeyman NaAl)
 16893 | Lair:2   | Found a large runed translucent door.
 16893 | Lair:2   | Found a large runed translucent door.
 16894 | Lair:2   | Noticed Torious's ghost (journeyman DECj)
 16962 | Lair:2   | Found a staircase to the Snake Pit.
 17596 | Lair:3   | Reached **** piety under Hepliaklqana
 17743 | Lair:3   | Found a staircase to the Swamp.
 18406 | Lair:4   | Noticed Citaecs's ghost (journeyman AtMo)
 18507 | Lair:4   | HP: 2/97 [fire dragon (7)]
 18508 | Lair:4   | Mangled by a fire dragon

Illustrated notes

Levels and vault maps discovered:
D:1:      dpeg_arrival_boxorama, layout_basic,
          shapermc_ecumenical_altar_rom_forum
D:2:      layout_rooms
D:3:      layout_loops_ring, nicolae_overflow_crystal_walls,
          mainiacjoe_overflow_tiny_flanked
D:4:      layout_basic, led_xom_imps, portal_sewer_entry_d, uniq_natasha
D:5:      layout_basic, nicolae_kikubaaqudgha_miasma_corner,
          minmay_temple_entry_antechambers, serial_bayou_pond_c,
          minmay_misc_feat_five
D:6:      layout_cave_pools, nicolae_ru_the_path_less_chosen,
          nicolae_wooded_promenade, nicolae_shop_sticking_my_neck_out,
          uniq_blork_the_orc
D:7:      layout_basic, serial_shops, nicolae_shop_peninsula, ebering_ghost_xom
D:8:      layout_basic, mainiacjoe_overflow_brackets,
          mainiacjoe_overflow_concentric_impassable,
          nicolae_gozag_cash_rules_everything_around_me, uniq_joseph
D:9:      minmay_four_partial_circles, layout_cave_pools, kennysheep_mini_moat,
          minmay_orc_entry_guard_dogs
D:10:     layout_cave_pools, mainiacjoe_overflow_alcove_4, lair_entry_dummy,
          hellmonk_ghost_big_iron, hangedman_incinerator, uniq_amaemon
D:11:     layout_rooms, gauntlet_entry_generic, minmay_gold_behind_fungi,
          minmay_diamond_spiral
D:12:     layout_rooms
D:13:     minmay_the_grid_plus [minmay_the_grid_armoury, minmay_the_grid_fan,
          minmay_the_grid_dragon_b, minmay_the_grid_rooms,
          minmay_the_grid_prize_four_corners_diamond_b], layout_irregular_city,
          hellmonk_vaults_order_and_chaos, fiery_altar_vehumet
Temple:   nicolae_temple_godzebo
Lair:1:   layout_gridlike, ebering_ghost_reflecting_pool
Lair:2:   layout_layer_cave, guppyfry_snake_entry_garden,
          ebering_ghost_disaster_area
Lair:3:   layout_chaotic_city, swamp_mist, serial_bayou_lagoon_b
Lair:4:   dragon1_lemuel, layout_cave_pods, slime_entry_2, gammafunk_ghost_arena

Skill      XL: |  1  2  3  4  5  6  7  8  9 10 11 12 13 14 |
---------------+-------------------------------------------+-----
Spellcasting   | 5 6 7 8 9 10 | 10.8
Invocations    | 1 2 3 4 5 6 7 8 9 10 | 10.5
Fighting       | 1 2 3 5 6 7 8 9 |  9.6
Short Blades   | 1 2 3 5 6 7 8 9 |  9.6
Long Blades    | 1 2 3 5 6 7 8 9 |  9.6
Axes           | 1 2 3 5 6 7 8 9 |  9.6
Maces & Flails | 1 2 3 5 6 7 8 9 |  9.6
Polearms       | 1 2 3 5 6 7 8 9 |  9.6
Staves         | 1 2 3 5 6 7 8 9 |  9.6
Ranged Weapons | 1 2 3 5 6 7 8 9 |  9.6
Throwing       | 1 2 3 5 6 7 8 9 |  9.6
Armour         | 1 2 3 5 6 7 8 9 |  9.6
Shields        | 1 2 3 5 6 7 8 9 |  9.6
Unarmed Combat | 1 2 3 5 6 7 8 9 |  9.6
Evocations     | 1 2 3 5 6 7 8 9 |  9.6
Shapeshifting  | 1 2 3 4 5 6 7 8 |  8.8
Conjurations   | 1 2 3 4 5 6 7 8 |  8.0
Hexes          | 1 2 3 4 5 6 7 8 |  8.0
Summonings     | 1 2 3 4 5 6 7 8 |  8.0
Necromancy     | 1 2 3 4 5 6 7 8 |  8.0
Translocations | 1 2 3 4 5 6 7 8 |  8.0
Fire Magic     | 1 2 3 4 5 6 7 8 |  8.0
Air Magic      | 1 2 3 4 5 6 7 8 |  8.0
Earth Magic    | 1 2 3 4 5 6 7 8 |  8.0
Alchemy        | 1 2 3 4 5 6 7 8 |  8.0
Dodging        | 5 6 7 8 9 10 | 10.7
Stealth        | 5 6 7 8 9 10 | 10.5
Ice Magic      | 8 9 10 | 10.7

Action                     |  1- 3 |  4- 6 |  7- 9 | 10-12 | 13-15 || total
---------------------------+-------+-------+-------+-------+-------++-------
  Melee: Mace              |     8 |    11 |     8 |       |       ||    27
         Bite              |       |       |     5 |    29 |       ||    34
         Dagger            |       |       |    41 |   168 |       ||   209
   Fire: Orcbow            |       |       |       |    69 |   403 ||   472
   Cast: Freeze            |    43 |    60 |    91 |    94 |     7 ||   295
         Frozen Ramparts   |       |     7 |    18 |    48 |    19 ||    92
         Summon Ice Beast  |       |       |     3 |    38 |     8 ||    49
         Ozocubu's Armour  |       |       |     1 |    36 |    10 ||    47
 Invoke: Ancestor Life: Kn |       |       |       |       |     1 ||     1
  Evoke: Wand              |       |       |       |     1 |     4 ||     5
         Lightning rod     |       |       |       |       |     4 ||     4
         Sack of spiders   |       |       |       |       |     1 ||     1
    Use: Scroll            |       |       |       |       |    17 ||    17
         Potion            |       |       |       |       |     2 ||     2
   Stab: Distracted        |     1 |       |     1 |     2 |       ||     4
         Sleeping          |       |       |     7 |     2 |       ||     9
 Armour: Robe              |    13 |    38 |    74 |     5 |       ||   130
         Leather armour    |       |       |       |   219 |       ||   219
         Troll leather arm |       |       |       |    12 |   138 ||   150
  Dodge: Dodged            |    31 |    53 |   104 |   185 |   117 ||   490
  Block: Buckler           |       |       |    13 |    85 |       ||    98

Table legend: (Time is in decaauts)
 A = Elapsed time spent in this place.
 B = Non-inter-level travel time spent in this place.
 C = Inter-level travel time spent in this place.
 D = Time resting spent in this place.
 E = Time spent auto-exploring this place.
 F = Levels seen in this place.
 G = Mean time per level.
                   A        B        C        D        E       F      G
               +--------+--------+--------+--------+--------+-----+--------+
         Total |  18540 |  17506 |   1034 |    302 |  14057 |  18 | 1030.0 |
       Dungeon |  15606 |  14709 |    897 |    302 |  11710 |  13 | 1200.5 |
        Temple |     66 |      1 |     65 |      0 |      0 |   1 |   66.0 |
          Lair |   2867 |   2797 |     70 |      0 |   2346 |   4 |  716.8 |
               +--------+--------+--------+--------+--------+-----+--------+

Top non-repeatable levels by time:
    D:13: 1747 daAuts
     D:9: 1632 daAuts
    D:10: 1587 daAuts
    D:11: 1555 daAuts
     D:4: 1413 daAuts
     D:8: 1248 daAuts
     D:7: 1219 daAuts
     D:1: 1138 daAuts
     D:6: 1106 daAuts
  Lair:1: 903 daAuts
     D:3: 810 daAuts
     D:5: 797 daAuts
  Lair:2: 796 daAuts
  Lair:3: 765 daAuts
    D:12: 686 daAuts
